cohdb
Replays
Latest Replays
All Replays
Popular Replays
Top Player Replays
Match Explorer
How It Works
Community
CoH3 Stats
Reddit
Sign in to upload your games and track your stats! →
Sign in with Steam
Match 36658820
Unlisted
Match 36658820
Overview
Messages
Build Orders
End
Panzergrenadier Squad
Panzergrenadier Squad
Selects Armored Support Battlegroup
Construct Light Support Kompanie
Selects Veteran Gunners
Assault Grenadier Squad
MG34 Team
Assault Grenadier Squad
2.5-tonne Medical Truck
Selects Salvage Kits
Selects Panzer Storm
Assault Grenadier Squad
AI Takeover
SEALS13
Blitzmensch
Ni
Bruistablet
0
0
Comments
sign in to comment!
No comments posted yet!